 Dungeon Crawl Stone Soup version 0.15.0-23-gc2b521c (console) character file.

2 gw the Twirler (level 1, 18/18 HPs)
             Began as a Minotaur Gladiator on Sept 9, 2014.
             Starved to death
             ... on Level 1 of the Dungeon.
             The game lasted 00:01:43 (985 turns).

gw the Twirler (Minotaur Gladiator)                  Turns: 985, Time: 00:01:43

HP  18/18        AC  3     Str 19      XL: 1   Next: 25%
MP   1/1         EV 12     Int  5      God:
Gold 0           SH  0     Dex 10      Spells:  0 memorised,  0 levels left

rFire  . . .     SeeInvis .     a - +0 quarterstaff
rCold  . . .     Clarity  .     b - +0 leather armour
rNeg   . . .     rCorr    .     (no shield)
rPois  .         rRot     .     c - +0 hat
rElec  .         Spirit   .     (no cloak)
SustAb .         Warding  .     (no gloves)
rMut   .         Stasis   .     (no boots)
Gourm  .                        (no amulet)
MR     .....                    (no ring)
                                (no ring)

@: starving, not resistant to hostile enchantments, very unstealthy
A: retaliatory headbutt, horns 2
a: no special abilities


You were on level 1 of the Dungeon.
You were starving.

You visited 1 branch of the dungeon, and saw 1 of its levels.

Inventory:

Hand weapons
 a - a +0 quarterstaff (weapon)
Missiles
 d - 3 throwing nets
Armour
 b - a +0 leather armour (worn)
 c - a +0 hat (worn)
Comestibles
 f - a bread ration


   Skills:
 + Level 2.4 Fighting
 * Level 3.6 Staves
 + Level 2.0 Throwing
 + Level 0.5 Armour
 - Level 3.2 Dodging


You couldn't memorise any spells.
You didn't know any spells.

Dungeon Overview and Level Annotations

Branches:
Dungeon (1/15)

Altars:


Innate Abilities, Weirdness & Mutations

You reflexively headbutt those who attack you in melee.
You have a pair of horns on your head.


Message History

Attempting RANGED ATTACK TO (3,-2); ATTACKING (1,-1)
You swing at nothing.
Attempting RANGED ATTACK TO (3,-2); ATTACKING (1,-1)
You swing at nothing.
Attempting RANGED ATTACK TO (3,-2); ATTACKING (1,-1)
You swing at nothing.
Attempting RANGED ATTACK TO (3,-2); ATTACKING (1,-1)
You swing at nothing.
Attempting RANGED ATTACK TO (3,-2); ATTACKING (1,-1)
You swing at nothing.
Attempting RANGED ATTACK TO (3,-2); ATTACKING (1,-1)
You swing at nothing.
Attempting RANGED ATTACK TO (3,-2); ATTACKING (1,-1)
You swing at nothing.
Attempting RANGED ATTACK TO (3,-2); ATTACKING (1,-1)
You swing at nothing.
Attempting RANGED ATTACK TO (3,-2); ATTACKING (1,-1)
You swing at nothing.
You have starved to death.
You die...

#.# #.# #.# #.# #
#.# ... #.# ..
#######.##g####
~~~~~~~~.~~~~~~~~
##### #H## ######
#<.8# ~#'#~7~#8..#
#...##8##.##8##...#
#...'.........'...#
#...###8#+#8###...#
#8.8##7##+##7##8.8#
##'##7~.....~7##'##
#.##7.......7##.#
#.8#.........#8.#


You could see a hobgoblin.

Table legend:
 A = Turns spent in this place as a percentage of turns spent in the entire game.
 B = Non-inter-level travel turns spent in this place as a percentage of non-inter-level travel turns spent in the entire game.
 C = Inter-level travel turns spent in this place as a percentage of turns spent in this place.
 D = Turns resting spent in this place as a percentage of non-inter-level travel turns spent in this place.
 E = Turns spent auto-exploring this place as a percentage of non-inter-level travel turns spent in this place.
 F = Non-inter-level travel turns spent in this place divided by the number of levels of this place that you've seen.
                   A       B       C       D       E      F
               +-------+-------+-------+-------+-------+----------------------
         Total | 100.0 | 100.0 |   0.0 |   0.2 |   0.3 | 897.0
       Dungeon | 100.0 | 100.0 |   0.0 |   0.2 |   0.3 | 897.0
               +-------+-------+-------+-------+-------+----------------------

Table legend:
 A = Kills in this place as a percentage of kills in entire the game.
 B = Kills by you in this place as a percentage of kills by you in the entire game.
 C = Kills by friends in this place as a percentage of kills by friends in the entire game.
 D = Other kills in this place as a percentage of other kills in the entire game.
 E = Experience gained in this place as a percentage of experience gained in the entire game.
 F = Experience gained in this place divided by the number of levels of this place that you have seen.
                   A       B       C       D       E      F
               +-------+-------+-------+-------+-------+----------------------
         Total | 100.0 | 100.0 |  -nan |  -nan | 100.0 |   3.0
       Dungeon | 100.0 | 100.0 |  -nan |  -nan | 100.0 |   3.0
               +-------+-------+-------+-------+-------+----------------------

Vanquished Creatures
  A bat zombie (D:1)
  A hobgoblin zombie (D:1)
2 creatures vanquished.

Notes
Turn   | Place    | Note
--------------------------------------------------------------
     0 | D:1      | gw, the Minotaur Gladiator, began the quest for the Orb.
     0 | D:1      | Reached XP level 1. HP: 18/18 MP: 1/1
   985 | D:1      | Starved to death

Action                   || total
-------------------------++-------
Melee: Quarterstaff      ||     5

Vault maps used:
D:1:      saegor_arrival_fortress
